Phantoms vs Falcons

Created - Wednesday, December 31, 2014 at 00:07

Goals
1 2 3 T
Phantoms 0 1 0 1
Falcons 0 1 1 2
Shots
1 2 3 T
Phantoms 5 11 12 28
Falcons 9 10 9 28

1st period

No Goal

Penalties :
Greg Zanon (ADR) for Slashing (Minor) at 12:42

2nd period

1. Falcons , Drew Shore 6 (Jordan Weal) at 0:19
2. Phantoms , Jerome Gauthier-Leduc 1 (Keegan Lowe, Mark Van Guilder) at 9:18

Penalties :
Chris Thorburn (SPR) for Fighting (Major) at 0:05, Garnet Exelby (ADR) for Fighting (Major) at 0:05, Dmitrij Jaskin (ADR) for Hooking (Minor) at 6:26

3rd period

3. Falcons , Quinton Howden 26 (Adam Pardy, Tyson Strachan) at 8:02

Penalties :
Tyson Strachan (SPR) for Fighting (Major) at 0:57, Zack Stortini (ADR) for Fighting (Major) at 0:57, Quinton Howden (SPR) for Tripping (Minor) at 5:17, Mark Van Guilder (ADR) for Interference (Minor) at 5:22, Brian Connelly (SPR) for Slashing (Minor) at 14:17, Chris Thorburn (SPR) for Interference (Minor) at 18:41

Goalie Stats

Marek Mazanec (ADR), 26 saves from 28 shots - (0.929), L, 4-4-8, 59:15 minutes
Troy Grosenick (SPR), 27 saves from 28 shots - (0.964), W, 16-19-3, 60:00 minutes

Players Stats for Phantoms

Player Name              G  A  P  +/- PIM S  H  SB GA TA FO     MP     PP MP  PK MP  
------------------------------------------------------------------------------------
Adam Lowry               0  0  0  -1  0   2  1  1  0  1  5/15   19:05   1:57   3:00 
Bryan Lerg               0  0  0  -1  0   1  1  1  2  1  3/6    18:38   1:25   1:21 
Chris Langkow            0  0  0   0  0   1  2  0  0  0  1/2    10:34   0:00   0:35 
Denver Manderson         0  0  0   1  0   1  2  0  2  0  1/2    16:32   0:00   1:44 
Dmitrij Jaskin           0  0  0  -1  2   2  3  0  5  0  0/2    19:58   1:08   0:28 
Garnet Exelby            0  0  0  -1  5   2  2  1  1  0  0/0    21:14   1:34   2:06 
Garrett Wilson           0  0  0  -1  0   3  0  0  2  0  0/0    17:26   1:25   0:00 
Greg Zanon               0  0  0   0  2   0  0  0  0  3  0/0    20:58   1:48   1:57 
Harri Pesonen            0  0  0  -1  0   6  1  0  3  0  0/0    14:57   1:57   0:22 
Jerome Gauthier-Leduc    1  0  1   0  0   2  0  0  1  2  0/0    17:46   0:00   0:00 
Jonathan Hazen           0  0  0   1  0   0  1  1  0  1  0/0    14:06   0:00   0:00 
Josh Lunden              0  0  0   0  0   0  0  0  0  1  0/0     9:59   0:00   0:36 
Keegan Lowe              0  1  1   1  0   1  2  0  0  1  0/0    14:46   0:00   0:00 
Mark Van Guilder         0  1  1   1  2   2  2  1  5  0  4/7    16:29   0:53   0:00 
Martin Gernat            0  0  0   0  0   1  1  0  0  4  0/0    21:46   1:48   3:26 
Randy Jones              0  0  0  -2  0   4  3  2  2  3  0/0    23:28   1:34   0:37 
Steve MacIntyre          0  0  0   0  0   0  0  0  0  0  0/0     0:00   0:00   0:00 
Zack Stortini            0  0  0  -1  5   0  1  1  0  0  0/0    16:24   1:20   0:00 

Players Stats for Falcons

Player Name              G  A  P  +/- PIM S  H  SB GA TA FO     MP     PP MP  PK MP  
------------------------------------------------------------------------------------
Adam Pardy               0  1  1   1  0   2  4  0  2  2  0/0    25:53   2:21   3:22 
Austin Watson            0  0  0   0  0   1  1  0  4  1  6/9    19:15   1:37   0:00 
Brian Connelly           0  0  0   0  2   0  0  0  0  0  0/0    25:42   1:20   0:05 
Brian Dumoulin           0  0  0   1  0   1  2  2  0  2  0/0    25:11   1:37   1:54 
Cal O'Reilly             0  0  0   1  0   6  2  0  1  1  4/5    20:01   1:11   2:24 
Carl Klingberg           0  0  0   0  0   0  1  0  1  0  0/0     5:43   0:22   0:17 
Chad Ruhwedel            0  0  0   0  0   0  0  0  0  0  0/0     6:21   0:26   0:00 
Chris Thorburn           0  0  0   0  7   1  3  0  2  0  0/0    17:05   1:59   0:52 
Drew Shore               1  0  1   1  0   3  2  2  6  1  1/1    19:50   1:32   0:00 
Jeff Taffe               0  0  0   0  0   1  0  0  1  2  0/1    17:05   0:58   1:32 
Jordan Weal              0  1  1   1  0   0  1  0  0  1  9/16   21:56   1:11   1:31 
Kevin Connauton          0  0  0  -1  0   1  2  1  2  0  0/0    14:57   0:05   0:00 
Matt Ellis               0  0  0   0  0   1  1  0  1  0  0/1    12:07   0:00   0:08 
Mitch Callahan           0  0  0   0  0   1  2  0  0  0  0/0    19:13   1:37   0:00 
Nick Shore               0  0  0   0  0   0  0  0  0  0  0/0     0:54   0:00   0:00 
Quinton Howden           1  0  1   0  2   6  3  2  5  1  0/1    19:28   1:42   0:00 
Radek Martinek           0  0  0   0  0   0  0  0  0  0  0/0     0:51   0:00   0:00 
Tyson Strachan           0  1  1   1  5   4  4  0  1  2  0/0    23:07   2:17   1:23 

3 Stars

1 - Troy Grosenick (SPR)
2 - Drew Shore (SPR)
3 - Adam Pardy (SPR)

Power Play

Phantoms - 0 on 3 Attempt(s) - 0.00%
Falcons - 0 on 3 Attempt(s) - 0.00%

Penalty Kill

Phantoms - 3 on 3 Attempt(s) - 100.00% - Score 0 goal in Penalty Kill
Falcons - 3 on 3 Attempt(s) - 100.00% - Score 0 goal in Penalty Kill

Official

Referees : Unknown
Linesman : Unknown

Game Notes

Garnet Exelby beats up Chris Thorburn at 0:05 of 2nd period
Zack Stortini beats up Tyson Strachan at 0:57 of 3rd period

Finance

Level 1 -- Attendance: 1431 (71.55%) -- Ticket Income $50,085
Level 2 -- Attendance: 707 (70.70%) -- Ticket Income $10,605
Total Attendance: 2138 (71.27%)
Total Ticket Income: $60,690
Other Income: $29,738
Total Income: $90,428

Phantoms

5 vs 5 Forward 
   Center                   Left Wing                Right Wing               Time % Phy DF OF 
 1 Adam Lowry               Dmitrij Jaskin           Harri Pesonen            35     1   2  2  
 2 Bryan Lerg               Garrett Wilson           Zack Stortini            30     1   2  2  
 3 Mark Van Guilder         Denver Manderson         Jonathan Hazen           22     1   2  2  
 4 Chris Langkow            Josh Lunden              Dmitrij Jaskin           13     1   2  2  

5 vs 5 Defense 
   Defense                  Defense                                           Time % Phy DF OF 
 1 Randy Jones              Garnet Exelby                                     35     1   2  2  
 2 Greg Zanon               Martin Gernat                                     30     1   2  2  
 3 Jerome Gauthier-Leduc    Keegan Lowe                                       22     1   2  2  
 4 Randy Jones              Garnet Exelby                                     13     1   2  2  

PowerPlay Forward 
   Center                   Left Wing                Right Wing               Time % Phy DF OF 
 1 Adam Lowry               Dmitrij Jaskin           Harri Pesonen            60     1   2  2  
 2 Bryan Lerg               Garrett Wilson           Zack Stortini            40     1   2  2  

PowerPlay Defense
   Defense                  Defense                                           Time % Phy DF OF 
 1 Randy Jones              Garnet Exelby                                     60     1   2  2  
 2 Greg Zanon               Martin Gernat                                     40     1   2  2  

Penalty Kill 4 Players Forward 
   Center                   Wing                     Time % Phy DF OF 
 1 Dmitrij Jaskin           Adam Lowry               60     1   2  2  
 2 Bryan Lerg               Harri Pesonen            40     1   2  2  

Penalty Kill 4 Players Defense
   Defense                  Defense                  Time % Phy DF OF 
 1 Randy Jones              Garnet Exelby            60     1   2  2  
 2 Greg Zanon               Martin Gernat            40     1   2  2  

Penalty Kill - 3 Players Forward 
   Forward                                           Time % Phy DF OF 
 1 Dmitrij Jaskin                                    60     1   2  2  
 2 Adam Lowry                                        40     1   2  2  

Penalty Kill - 3 Players Defense
   Defense                  Defense                  Time % Phy DF OF 
 1 Randy Jones              Garnet Exelby            60     1   2  2  
 2 Greg Zanon               Martin Gernat            40     1   2  2  

4 vs 4 Forward 
   Center                   Wing                     Time % Phy DF OF 
 1 Dmitrij Jaskin           Adam Lowry               60     1   2  2  
 2 Bryan Lerg               Harri Pesonen            40     1   2  2  

4 vs 4 Defense
   Defense                  Defense                  Time % Phy DF OF 
 1 Randy Jones              Garnet Exelby            60     1   2  2  
 2 Greg Zanon               Martin Gernat            40     1   2  2  

Last Minutes Offensive
   Center                   Left Wing                Right Wing               Defense                  Defense                  
   Adam Lowry               Dmitrij Jaskin           Harri Pesonen            Randy Jones              Garnet Exelby            

Last Minutes Defensive
   Center                   Left Wing                Right Wing               Defense                  Defense                  
   Adam Lowry               Dmitrij Jaskin           Harri Pesonen            Randy Jones              Garnet Exelby            

Goaltenders
Starting : Marek Mazanec            
Backup : Johan Hedberg            

Extra Forwards
Normal : Mark Van Guilder, Chris Langkow, Denver Manderson - PP : Mark Van Guilder, Chris Langkow - PK : Denver Manderson
Extra Defensemen
Normal : Jerome Gauthier-Leduc, Keegan Lowe, Greg Zanon - PP : Jerome Gauthier-Leduc - PK : Keegan Lowe, Greg Zanon
Penalty Shots
Dmitrij Jaskin, Adam Lowry, Bryan Lerg, Harri Pesonen, Zack Stortini

Falcons

5 vs 5 Forward 
   Center                   Left Wing                Right Wing               Time % Phy DF OF 
 1 Jordan Weal              Drew Shore               Chris Thorburn           35     1   2  2  
 2 Austin Watson            Quinton Howden           Mitch Callahan           30     1   2  2  
 3 Jordan Weal              Drew Shore               Matt Ellis               22     1   2  2  
 4 Cal O'Reilly             Drew Shore               Jeff Taffe               13     1   2  2  

5 vs 5 Defense 
   Defense                  Defense                                           Time % Phy DF OF 
 1 Tyson Strachan           Adam Pardy                                        35     1   2  2  
 2 Brian Dumoulin           Brian Connelly                                    30     1   2  2  
 3 Tyson Strachan           Brian Dumoulin                                    22     1   2  2  
 4 Brian Connelly           Kevin Connauton                                   13     1   2  2  

PowerPlay Forward 
   Center                   Left Wing                Right Wing               Time % Phy DF OF 
 1 Jordan Weal              Drew Shore               Chris Thorburn           60     1   2  2  
 2 Austin Watson            Quinton Howden           Mitch Callahan           40     1   2  2  

PowerPlay Defense
   Defense                  Defense                                           Time % Phy DF OF 
 1 Tyson Strachan           Adam Pardy                                        60     1   2  2  
 2 Brian Dumoulin           Brian Connelly                                    40     1   2  2  

Penalty Kill 4 Players Forward 
   Center                   Wing                     Time % Phy DF OF 
 1 Jordan Weal              Cal O'Reilly             60     1   2  2  
 2 Chris Thorburn           Austin Watson            40     1   2  2  

Penalty Kill 4 Players Defense
   Defense                  Defense                  Time % Phy DF OF 
 1 Brian Dumoulin           Adam Pardy               60     1   2  2  
 2 Tyson Strachan           Brian Connelly           40     1   2  2  

Penalty Kill - 3 Players Forward 
   Forward                                           Time % Phy DF OF 
 1 Chris Thorburn                                    60     1   2  2  
 2 Austin Watson                                     40     1   2  2  

Penalty Kill - 3 Players Defense
   Defense                  Defense                  Time % Phy DF OF 
 1 Tyson Strachan           Kevin Connauton          60     1   2  2  
 2 Brian Dumoulin           Brian Connelly           40     1   2  2  

4 vs 4 Forward 
   Center                   Wing                     Time % Phy DF OF 
 1 Cal O'Reilly             Jordan Weal              60     1   2  2  
 2 Chris Thorburn           Austin Watson            40     1   2  2  

4 vs 4 Defense
   Defense                  Defense                  Time % Phy DF OF 
 1 Brian Dumoulin           Tyson Strachan           60     1   2  2  
 2 Kevin Connauton          Brian Connelly           40     1   2  2  

Last Minutes Offensive
   Center                   Left Wing                Right Wing               Defense                  Defense                  
   Austin Watson            Drew Shore               Chris Thorburn           Tyson Strachan           Adam Pardy               

Last Minutes Defensive
   Center                   Left Wing                Right Wing               Defense                  Defense                  
   Austin Watson            Drew Shore               Chris Thorburn           Tyson Strachan           Adam Pardy               

Goaltenders
Starting : Troy Grosenick           
Backup : Farm Player77            

Extra Forwards
Normal : Jordan Weal, Cal O'Reilly, Chris Thorburn - PP : Jordan Weal, Cal O'Reilly - PK : Chris Thorburn
Extra Defensemen
Normal : Brian Connelly, Brian Dumoulin, Tyson Strachan - PP : Brian Dumoulin - PK : Brian Dumoulin, Brian Connelly
Penalty Shots
Cal O'Reilly, Drew Shore, Chris Thorburn, Austin Watson, Jordan Weal

% Time on Ice - Phantoms

Lines # - Real PCT - Wanted PCT - Time Play
Normal Forward
1 - 27% - 35% - 13:26
2 - 31% - 30% - 15:52
3 - 28% - 22% - 14:06
4 - 14% - 13% - 7:17
Normal Defense
1 - 32% - 35% - 16:13
2 - 31% - 30% - 15:53
3 - 28% - 22% - 14:09
4 - 9% - 13% - 4:26
PP Forward
1 - 58% - 60% - 1:57
2 - 42% - 40% - 1:25
PP Defense
1 - 47% - 60% - 1:34
2 - 53% - 40% - 1:48
PK Forward
1 - 91% - 60% - 3:41
2 - 9% - 40% - 0:22
PK Defense
1 - 15% - 60% - 0:37
2 - 85% - 40% - 3:26
PK3 Forward
1 - 0% - 60%
2 - 0% - 40%
PK3 Defense
1 - 0% - 60%
2 - 0% - 40%
44 Forward
1 - 100% - 60% - 1:54
2 - 0% - 40% - 0:00
44 Defense
1 - 66% - 60% - 1:15
2 - 34% - 40% - 0:39
Last Minute Offensive  - 0:00
Last Minute Defensive  - 0:00
Total
Forward - 60:00
Defense - 60:00

% Time on Ice - Falcons

Lines # - Real PCT - Wanted PCT - Time Play
Normal Forward
1 - 23% - 35% - 11:44
2 - 36% - 30% - 18:23
3 - 19% - 22% - 9:49
4 - 21% - 13% - 10:45
Normal Defense
1 - 32% - 35% - 16:25
2 - 26% - 30% - 13:25
3 - 17% - 22% - 8:40
4 - 24% - 13% - 12:11
PP Forward
1 - 60% - 60% - 2:26
2 - 40% - 40% - 1:37
PP Defense
1 - 58% - 60% - 2:21
2 - 42% - 40% - 1:42
PK Forward
1 - 100% - 60% - 3:22
2 - 0% - 40% - 0:00
PK Defense
1 - 56% - 60% - 1:54
2 - 44% - 40% - 1:28
PK3 Forward
1 - 0% - 60%
2 - 0% - 40%
PK3 Defense
1 - 0% - 60%
2 - 0% - 40%
44 Forward
1 - 100% - 60% - 1:54
2 - 0% - 40% - 0:00
44 Defense
1 - 40% - 60% - 0:46
2 - 60% - 40% - 1:08
Last Minute Offensive  - 0:00
Last Minute Defensive  - 0:00
Total
Forward - 60:00
Defense - 60:00

Play by Play

1st period


0:01 of 1st period - Adam Lowry wins face-off versus Jordan Weal in neutral zone.
0:06 of 1st period - Wrist shot by Harri Pesonen.
0:06 of 1st period - Deflect By Dmitrij Jaskin.
0:06 of 1st period - Stopped by Troy Grosenick with a rebound.
1:33 of 1st period - Drew Shore is hit by Martin Gernat and loses puck.
2:16 of 1st period - Josh Lunden is hit by Cal O'Reilly and loses puck.
2:27 of 1st period - Snap shot by Mitch Callahan.
2:27 of 1st period - Shot Misses the Net.
2:29 of 1st period - Snap shot by Mitch Callahan.
2:29 of 1st period - Deflect By Quinton Howden.
2:29 of 1st period - Stopped by Marek Mazanec without a rebound.
2:30 of 1st period - Austin Watson wins face-off versus Adam Lowry in Phantoms zone.
2:31 of 1st period - Wrist shot by Quinton Howden.
2:31 of 1st period - Stopped by Marek Mazanec with a rebound.
2:39 of 1st period - Slapshot by Quinton Howden.
2:39 of 1st period - Stopped by Marek Mazanec with a rebound.
2:57 of 1st period - Snap shot by Harri Pesonen.
2:57 of 1st period - Stopped by Troy Grosenick with a rebound.
4:11 of 1st period - Wrist shot by Chris Thorburn.
4:11 of 1st period - Stopped by Marek Mazanec with a rebound.
4:13 of 1st period - Snap shot by Chris Thorburn.
4:13 of 1st period - Shot Blocked by Jonathan Hazen.
4:35 of 1st period - Snap shot by Tyson Strachan.
4:35 of 1st period - Stopped by Marek Mazanec with a rebound.
4:49 of 1st period - Wrist shot by Cal O'Reilly.
4:49 of 1st period - Stopped by Marek Mazanec with a rebound.
4:51 of 1st period - Wrist shot by Jeff Taffe.
4:51 of 1st period - Stopped by Marek Mazanec with a rebound.
4:53 of 1st period - Wrist shot by Cal O'Reilly.
4:53 of 1st period - Shot Misses the Net.
4:55 of 1st period - Slapshot by Brian Dumoulin.
4:55 of 1st period - Deflect By Garnet Exelby.
4:55 of 1st period - Stopped by Marek Mazanec with a rebound.
5:59 of 1st period - Austin Watson is hit by Dmitrij Jaskin and loses puck.
7:58 of 1st period - Mark Van Guilder is hit by Matt Ellis and loses puck.
8:03 of 1st period - Snap shot by Matt Ellis.
8:03 of 1st period - Stopped by Marek Mazanec with a rebound.
8:20 of 1st period - Martin Gernat is hit by Mitch Callahan and loses puck.
9:04 of 1st period - Jerome Gauthier-Leduc is hit by Cal O'Reilly and loses puck.
9:28 of 1st period - Jerome Gauthier-Leduc is hit by Chris Thorburn and loses puck.
11:17 of 1st period - Jonathan Hazen is hit by Austin Watson and loses puck.
11:24 of 1st period - Austin Watson is hit by Randy Jones and loses puck.
11:51 of 1st period - Slapshot by Adam Lowry.
11:51 of 1st period - Shot Blocked by Kevin Connauton.
11:53 of 1st period - Wrist shot by Adam Lowry.
11:53 of 1st period - Shot Misses the Net.
11:55 of 1st period - Slapshot by Adam Lowry.
11:55 of 1st period - Stopped by Troy Grosenick with a rebound.
11:57 of 1st period - Wrist shot by Harri Pesonen.
11:57 of 1st period - Stopped by Troy Grosenick with a rebound.
12:01 of 1st period - Wrist shot by Harri Pesonen.
12:01 of 1st period - Stopped by Troy Grosenick without a rebound.
12:02 of 1st period - Jordan Weal wins face-off versus Adam Lowry in Falcons zone.
12:19 of 1st period - Matt Ellis is hit by Adam Lowry and loses puck.
12:42 of 1st period - Minor Penalty to Greg Zanon for Slashing.
12:43 of 1st period - Austin Watson wins face-off versus Dmitrij Jaskin in Phantoms zone.
13:22 of 1st period - Martin Gernat is hit by Chris Thorburn and loses puck.
13:49 of 1st period - Martin Gernat is hit by Mitch Callahan and loses puck.
14:42 of 1st period - Penalty to Greg Zanon is over, Greg Zanon is back on ice.
14:54 of 1st period - Drew Shore is hit by Denver Manderson and loses puck.
15:13 of 1st period - Keegan Lowe is hit by Quinton Howden and loses puck.
15:58 of 1st period - Dmitrij Jaskin is hit by Kevin Connauton and loses puck.
18:07 of 1st period - Slapshot by Kevin Connauton.
18:07 of 1st period - Shot Misses the Net.
Goals for this period are 0 for Phantoms vs 0 for Falcons.
Shots for this period are 5 for Phantoms vs 9 for Falcons.

2nd period


0:01 of 2nd period - Adam Lowry wins face-off versus Jordan Weal in neutral zone.
0:05 of 2nd period - Garnet Exelby beats up Chris Thorburn.
0:05 of 2nd period - Penalty to Chris Thorburn for Fighting.
0:05 of 2nd period - Penalty to Garnet Exelby for Fighting.
0:06 of 2nd period - Jordan Weal wins face-off versus Adam Lowry in Falcons zone.
0:11 of 2nd period - Slapshot by Brian Connelly.
0:11 of 2nd period - Shot Blocked by Adam Lowry.
0:13 of 2nd period - Wrist shot by Cal O'Reilly.
0:13 of 2nd period - Stopped by Marek Mazanec without a rebound.
0:14 of 2nd period - Jordan Weal wins face-off versus Adam Lowry in Phantoms zone.
0:19 of 2nd period - Wrist shot by Drew Shore.
0:19 of 2nd period - Goal by Drew Shore - Phantoms : 0 - Falcons : 1.
0:20 of 2nd period - Adam Lowry wins face-off versus Jordan Weal in neutral zone.
0:39 of 2nd period - Slapshot by Harri Pesonen.
0:39 of 2nd period - Stopped by Troy Grosenick with a rebound.
0:48 of 2nd period - Off-side.
0:49 of 2nd period - Bryan Lerg wins face-off versus Austin Watson in neutral zone.
1:00 of 2nd period - Snap shot by Austin Watson.
1:00 of 2nd period - Stopped by Marek Mazanec with a rebound.
1:08 of 2nd period - Slapshot by Mitch Callahan.
1:08 of 2nd period - Stopped by Marek Mazanec with a rebound.
1:10 of 2nd period - Slapshot by Adam Pardy.
1:10 of 2nd period - Stopped by Marek Mazanec without a rebound.
1:11 of 2nd period - Mark Van Guilder wins face-off versus Jordan Weal in Phantoms zone.
1:20 of 2nd period - Slapshot by Randy Jones.
1:20 of 2nd period - Shot Misses the Net.
1:22 of 2nd period - Slapshot by Randy Jones.
1:22 of 2nd period - Shot Blocked by Drew Shore.
1:24 of 2nd period - Wrist shot by Mark Van Guilder.
1:24 of 2nd period - Shot Misses the Net.
1:26 of 2nd period - Slapshot by Randy Jones.
1:26 of 2nd period - Deflect By Denver Manderson.
1:26 of 2nd period - Shot Blocked by Drew Shore.
1:26 of 2nd period - Puck is out of play.
1:27 of 2nd period - Denver Manderson wins face-off versus Jordan Weal in Falcons zone.
1:39 of 2nd period - Wrist shot by Denver Manderson.
1:39 of 2nd period - Shot Misses the Net.
1:41 of 2nd period - Wrist shot by Randy Jones.
1:41 of 2nd period - Stopped by Troy Grosenick with a rebound.
1:53 of 2nd period - Slapshot by Randy Jones.
1:53 of 2nd period - Shot Misses the Net.
2:28 of 2nd period - Greg Zanon is hit by Brian Dumoulin.
2:47 of 2nd period - Bryan Lerg is hit by Brian Dumoulin and loses puck.
3:32 of 2nd period - Icing by Greg Zanon.
3:33 of 2nd period - Austin Watson wins face-off versus Chris Langkow in Phantoms zone.
3:38 of 2nd period - Slapshot by Mitch Callahan.
3:38 of 2nd period - Shot Misses the Net.
3:40 of 2nd period - Slapshot by Tyson Strachan.
3:40 of 2nd period - Shot Misses the Net.
4:30 of 2nd period - Jerome Gauthier-Leduc is hit by Tyson Strachan and loses puck.
5:04 of 2nd period - Bryan Lerg is hit by Carl Klingberg and loses puck.
5:09 of 2nd period - Snap shot by Cal O'Reilly.
5:09 of 2nd period - Stopped by Marek Mazanec with a rebound.
5:11 of 2nd period - Snap shot by Cal O'Reilly.
5:11 of 2nd period - Stopped by Marek Mazanec with a rebound.
5:39 of 2nd period - Zack Stortini is hit by Adam Pardy and loses puck.
6:00 of 2nd period - Snap shot by Dmitrij Jaskin.
6:00 of 2nd period - Shot Misses the Net.
6:02 of 2nd period - Slapshot by Garnet Exelby.
6:02 of 2nd period - Shot Misses the Net.
6:04 of 2nd period - Wrist shot by Garnet Exelby.
6:04 of 2nd period - Deflect By Austin Watson.
6:04 of 2nd period - Stopped by Troy Grosenick with a rebound.
6:06 of 2nd period - Snap shot by Harri Pesonen.
6:06 of 2nd period - Shot Misses the Net.
6:08 of 2nd period - Slapshot by Garnet Exelby.
6:08 of 2nd period - Stopped by Troy Grosenick without a rebound.
6:09 of 2nd period - Cal O'Reilly wins face-off versus Adam Lowry in Falcons zone.
6:26 of 2nd period - Minor Penalty to Dmitrij Jaskin for Hooking.
6:27 of 2nd period - Jordan Weal wins face-off versus Denver Manderson in Phantoms zone.
8:26 of 2nd period - Penalty to Dmitrij Jaskin is over, Dmitrij Jaskin is back on ice.
8:33 of 2nd period - Josh Lunden is hit by Quinton Howden and loses puck.
9:14 of 2nd period - Snap shot by Mark Van Guilder.
9:14 of 2nd period - Stopped by Troy Grosenick with a rebound.
9:16 of 2nd period - Slapshot by Keegan Lowe.
9:16 of 2nd period - Shot Blocked by Quinton Howden.
9:18 of 2nd period - Slapshot by Jerome Gauthier-Leduc.
9:18 of 2nd period - Goal by Jerome Gauthier-Leduc - Phantoms : 1 - Falcons : 1.
9:19 of 2nd period - Chris Langkow wins face-off versus Cal O'Reilly in neutral zone.
10:27 of 2nd period - Brian Connelly is hit by Keegan Lowe.
10:48 of 2nd period - Chris Thorburn is hit by Keegan Lowe and loses puck.
11:15 of 2nd period - Wrist shot by Drew Shore.
11:15 of 2nd period - Shot Blocked by Bryan Lerg.
11:17 of 2nd period - Wrist shot by Drew Shore.
11:17 of 2nd period - Stopped by Marek Mazanec with a rebound.
11:57 of 2nd period - Wrist shot by Cal O'Reilly.
11:57 of 2nd period - Stopped by Marek Mazanec with a rebound.
11:59 of 2nd period - Slapshot by Kevin Connauton.
11:59 of 2nd period - Shot Misses the Net.
12:01 of 2nd period - Snap shot by Cal O'Reilly.
12:01 of 2nd period - Deflect By Jeff Taffe.
12:01 of 2nd period - Shot Blocked by Garnet Exelby.
12:01 of 2nd period - Puck is out of play.
12:02 of 2nd period - Cal O'Reilly wins face-off versus Mark Van Guilder in Phantoms zone.
12:51 of 2nd period - Slapshot by Kevin Connauton.
12:51 of 2nd period - Deflect By Greg Zanon.
12:51 of 2nd period - Stopped by Marek Mazanec with a rebound.
12:53 of 2nd period - Snap shot by Quinton Howden.
12:53 of 2nd period - Shot Blocked by Mark Van Guilder.
13:52 of 2nd period - Tyson Strachan is hit by Chris Langkow.
13:58 of 2nd period - Wrist shot by Cal O'Reilly.
13:58 of 2nd period - Shot Blocked by Randy Jones.
14:32 of 2nd period - Wrist shot by Garrett Wilson.
14:32 of 2nd period - Shot Blocked by Quinton Howden.
14:40 of 2nd period - Snap shot by Zack Stortini.
14:40 of 2nd period - Shot Misses the Net.
14:42 of 2nd period - Slapshot by Keegan Lowe.
14:42 of 2nd period - Deflect By Quinton Howden.
14:42 of 2nd period - Stopped by Troy Grosenick with a rebound.
15:16 of 2nd period - Matt Ellis is hit by Harri Pesonen and loses puck.
15:35 of 2nd period - Slapshot by Randy Jones.
15:35 of 2nd period - Stopped by Troy Grosenick with a rebound.
15:37 of 2nd period - Snap shot by Randy Jones.
15:37 of 2nd period - Deflect By Bryan Lerg.
15:37 of 2nd period - Stopped by Troy Grosenick without a rebound.
15:38 of 2nd period - Cal O'Reilly wins face-off versus Bryan Lerg in Falcons zone.
15:48 of 2nd period - Icing by Garrett Wilson.
15:49 of 2nd period - Adam Lowry wins face-off versus Jeff Taffe in Phantoms zone.
15:54 of 2nd period - Wrist shot by Randy Jones.
15:54 of 2nd period - Stopped by Troy Grosenick with a rebound.
16:20 of 2nd period - Snap shot by Mark Van Guilder.
16:20 of 2nd period - Stopped by Troy Grosenick without a rebound.
16:21 of 2nd period - Jordan Weal wins face-off versus Mark Van Guilder in Falcons zone.
16:32 of 2nd period - Greg Zanon is hit by Tyson Strachan.
17:24 of 2nd period - Icing by Cal O'Reilly.
17:25 of 2nd period - Adam Lowry wins face-off versus Jordan Weal in Falcons zone.
17:30 of 2nd period - Jerome Gauthier-Leduc is hit by Adam Pardy and loses puck.
19:31 of 2nd period - Jordan Weal is hit by Mark Van Guilder and loses puck.
Goals for this period are 1 for Phantoms vs 1 for Falcons.
Shots for this period are 11 for Phantoms vs 10 for Falcons.

3rd period


0:01 of 3rd period - Jordan Weal wins face-off versus Adam Lowry in neutral zone.
0:04 of 3rd period - Dmitrij Jaskin is hit by Chris Thorburn and loses puck.
0:15 of 3rd period - Slapshot by Randy Jones.
0:15 of 3rd period - Shot Misses the Net.
0:19 of 3rd period - Snap shot by Adam Lowry.
0:19 of 3rd period - Shot Misses the Net.
0:21 of 3rd period - Snap shot by Randy Jones.
0:21 of 3rd period - Shot Hit the Post.
0:23 of 3rd period - Snap shot by Randy Jones.
0:23 of 3rd period - Stopped by Troy Grosenick without a rebound.
0:24 of 3rd period - Bryan Lerg wins face-off versus Quinton Howden in Falcons zone.
0:25 of 3rd period - Snap shot by Garrett Wilson.
0:25 of 3rd period - Stopped by Troy Grosenick with a rebound.
0:42 of 3rd period - Wrist shot by Quinton Howden.
0:42 of 3rd period - Stopped by Marek Mazanec with a rebound.
0:44 of 3rd period - Slapshot by Tyson Strachan.
0:44 of 3rd period - Stopped by Marek Mazanec with a rebound.
0:50 of 3rd period - Snap shot by Austin Watson.
0:50 of 3rd period - Shot Misses the Net.
0:52 of 3rd period - Snap shot by Mitch Callahan.
0:52 of 3rd period - Shot Misses the Net.
0:57 of 3rd period - Zack Stortini beats up Tyson Strachan.
0:57 of 3rd period - Penalty to Tyson Strachan for Fighting.
0:57 of 3rd period - Penalty to Zack Stortini for Fighting.
0:58 of 3rd period - Drew Shore wins face-off versus Adam Lowry in Phantoms zone.
1:09 of 3rd period - Slapshot by Dmitrij Jaskin.
1:09 of 3rd period - Shot Misses the Net.
1:11 of 3rd period - Slapshot by Dmitrij Jaskin.
1:11 of 3rd period - Stopped by Troy Grosenick with a rebound.
1:31 of 3rd period - Slapshot by Harri Pesonen.
1:31 of 3rd period - Stopped by Troy Grosenick without a rebound.
1:32 of 3rd period - Bryan Lerg wins face-off versus Austin Watson in Falcons zone.
1:49 of 3rd period - Snap shot by Garrett Wilson.
1:49 of 3rd period - Stopped by Troy Grosenick with a rebound.
2:19 of 3rd period - Adam Pardy is hit by Dmitrij Jaskin and loses puck.
2:38 of 3rd period - Slapshot by Drew Shore.
2:38 of 3rd period - Stopped by Marek Mazanec with a rebound.
2:40 of 3rd period - Snap shot by Cal O'Reilly.
2:40 of 3rd period - Shot Misses the Net.
2:42 of 3rd period - Wrist shot by Cal O'Reilly.
2:42 of 3rd period - Stopped by Marek Mazanec with a rebound.
2:44 of 3rd period - Slapshot by Adam Pardy.
2:44 of 3rd period - Deflect By Greg Zanon.
2:44 of 3rd period - Stopped by Marek Mazanec without a rebound.
2:45 of 3rd period - Mark Van Guilder wins face-off versus Jordan Weal in Phantoms zone.
2:45 of 3rd period - Mark Van Guilder is hit by Jordan Weal.
3:07 of 3rd period - Keegan Lowe is hit by Adam Pardy and loses puck.
3:27 of 3rd period - Snap shot by Dmitrij Jaskin.
3:27 of 3rd period - Shot Misses the Net.
3:29 of 3rd period - Snap shot by Dmitrij Jaskin.
3:29 of 3rd period - Deflect By Harri Pesonen.
3:29 of 3rd period - Stopped by Troy Grosenick with a rebound.
3:33 of 3rd period - Snap shot by Dmitrij Jaskin.
3:33 of 3rd period - Shot Misses the Net.
3:35 of 3rd period - Slapshot by Keegan Lowe.
3:35 of 3rd period - Shot Misses the Net.
3:39 of 3rd period - Snap shot by Adam Lowry.
3:39 of 3rd period - Shot Misses the Net.
3:41 of 3rd period - Snap shot by Jerome Gauthier-Leduc.
3:41 of 3rd period - Stopped by Troy Grosenick with a rebound.
3:43 of 3rd period - Wrist shot by Adam Lowry.
3:43 of 3rd period - Stopped by Troy Grosenick with a rebound.
4:24 of 3rd period - Quinton Howden is hit by Bryan Lerg and loses puck.
5:17 of 3rd period - Minor Penalty to Quinton Howden for Tripping.
5:18 of 3rd period - Jordan Weal wins face-off versus Bryan Lerg in Falcons zone.
5:22 of 3rd period - Minor Penalty to Mark Van Guilder for Interference.
5:23 of 3rd period - Cal O'Reilly wins face-off versus Dmitrij Jaskin in Phantoms zone.
5:34 of 3rd period - Brian Connelly is hit by Dmitrij Jaskin and loses puck.
5:57 of 3rd period - Penalty to Tyson Strachan is over, Tyson Strachan is back on ice.
5:57 of 3rd period - Penalty to Zack Stortini is over, Zack Stortini is back on ice.
6:23 of 3rd period - Brian Dumoulin is hit by Garnet Exelby and loses puck.
6:36 of 3rd period - Cal O'Reilly is hit by Chris Langkow and loses puck.
6:43 of 3rd period - Snap shot by Greg Zanon.
6:43 of 3rd period - Shot Misses the Net.
6:45 of 3rd period - Wrist shot by Chris Langkow.
6:45 of 3rd period - Stopped by Troy Grosenick with a rebound.
7:13 of 3rd period - Slapshot by Martin Gernat.
7:13 of 3rd period - Shot Misses the Net.
7:17 of 3rd period - Penalty to Quinton Howden is over, Quinton Howden is back on ice.
7:19 of 3rd period - Denver Manderson is hit by Kevin Connauton and loses puck.
7:22 of 3rd period - Penalty to Mark Van Guilder is over, Mark Van Guilder is back on ice.
7:26 of 3rd period - Brian Connelly is hit by Randy Jones and loses puck.
7:33 of 3rd period - Jordan Weal is hit by Mark Van Guilder and loses puck.
8:02 of 3rd period - Slapshot by Quinton Howden.
8:02 of 3rd period - Goal by Quinton Howden - Phantoms : 1 - Falcons : 2.
8:03 of 3rd period - Austin Watson wins face-off versus Bryan Lerg in neutral zone.
8:31 of 3rd period - Snap shot by Tyson Strachan.
8:31 of 3rd period - Shot Blocked by Zack Stortini.
8:33 of 3rd period - Slapshot by Tyson Strachan.
8:33 of 3rd period - Stopped by Marek Mazanec with a rebound.
8:49 of 3rd period - Denver Manderson is hit by Drew Shore and loses puck.
9:16 of 3rd period - Slapshot by Mark Van Guilder.
9:16 of 3rd period - Shot Blocked by Brian Dumoulin.
9:32 of 3rd period - Off-side.
9:33 of 3rd period - Austin Watson wins face-off versus Adam Lowry in neutral zone.
10:30 of 3rd period - Off-side.
10:31 of 3rd period - Austin Watson wins face-off versus Mark Van Guilder in neutral zone.
10:54 of 3rd period - Tyson Strachan is hit by Denver Manderson and loses puck.
11:01 of 3rd period - Mark Van Guilder is hit by Tyson Strachan and loses puck.
11:18 of 3rd period - Jeff Taffe is hit by Jonathan Hazen and loses puck.
12:14 of 3rd period - Slapshot by Quinton Howden.
12:14 of 3rd period - Stopped by Marek Mazanec with a rebound.
12:16 of 3rd period - Slapshot by Tyson Strachan.
12:16 of 3rd period - Deflect By Bryan Lerg.
12:16 of 3rd period - Stopped by Marek Mazanec with a rebound.
12:36 of 3rd period - Keegan Lowe is hit by Tyson Strachan and loses puck.
12:43 of 3rd period - Keegan Lowe is hit by Adam Pardy and loses puck.
13:37 of 3rd period - Matt Ellis is hit by Garnet Exelby and loses puck.
14:17 of 3rd period - Minor Penalty to Brian Connelly for Slashing.
14:18 of 3rd period - Jordan Weal wins face-off versus Adam Lowry in Falcons zone.
14:26 of 3rd period - Slapshot by Adam Pardy.
14:26 of 3rd period - Shot Blocked by Randy Jones.
14:52 of 3rd period - Cal O'Reilly is hit by Randy Jones and loses puck.
16:17 of 3rd period - Penalty to Brian Connelly is over, Brian Connelly is back on ice.
16:31 of 3rd period - Icing by Tyson Strachan.
16:32 of 3rd period - Mark Van Guilder wins face-off versus Matt Ellis in Falcons zone.
16:35 of 3rd period - Slapshot by Denver Manderson.
16:35 of 3rd period - Stopped by Troy Grosenick without a rebound.
16:36 of 3rd period - Mark Van Guilder wins face-off versus Austin Watson in Falcons zone.
17:21 of 3rd period - Josh Lunden is hit by Drew Shore and loses puck.
18:06 of 3rd period - Garnet Exelby is hit by Quinton Howden and loses puck.
18:13 of 3rd period - Mitch Callahan is hit by Zack Stortini and loses puck.
18:41 of 3rd period - Minor Penalty to Chris Thorburn for Interference.
18:42 of 3rd period - Jordan Weal wins face-off versus Adam Lowry in Falcons zone.
19:15 of 3rd period - Phantoms, Marek Mazanec is pulled from the net.
19:17 of 3rd period - Slapshot by Zack Stortini.
19:17 of 3rd period - Shot Blocked by Brian Dumoulin.
19:19 of 3rd period - Slapshot by Martin Gernat.
19:19 of 3rd period - Stopped by Troy Grosenick with a rebound.
19:21 of 3rd period - Slapshot by Martin Gernat.
19:21 of 3rd period - Shot Misses the Net.
19:23 of 3rd period - Wrist shot by Garrett Wilson.
19:23 of 3rd period - Stopped by Troy Grosenick with a rebound.
19:25 of 3rd period - Slapshot by Martin Gernat.
19:25 of 3rd period - Shot Misses the Net.
19:27 of 3rd period - Slapshot by Martin Gernat.
19:27 of 3rd period - Shot Misses the Net.
19:29 of 3rd period - Wrist shot by Bryan Lerg.
19:29 of 3rd period - Shot Misses the Net.
Goals for this period are 0 for Phantoms vs 1 for Falcons.
Shots for this period are 12 for Phantoms vs 9 for Falcons.


Output by the SimonT Hockey Simulator (STHS) for Eric Dolegowski -- Original Page W3C XHTML 1.0 Valid
Hockey Simulator - Hockey Simulation - Hockey Manager